 Dungeon Crawl Stone Soup version 0.22-a0-402-ga933591 (webtiles) character file.

7 Mgcat the Digger (level 2, -2/19 HPs)
             Began as a Formicid Earth Elementalist on May 6, 2018.
             Killed from afar by a dart slug (6 damage)
             ... with a slug dart
             ... on level 1 of the Dungeon.
             The game lasted 00:01:07 (298 turns).

Mgcat the Digger (Formicid Earth Elementalist)       Turns: 298, Time: 00:01:08

Health: -2/19      AC:  2    Str: 12    XL:     2   Next: 5%
Magic:  0/5        EV: 12    Int: 14    God:
Gold:   0          SH:  0    Dex: 11    Spells: 5/6 levels left

rFire    . . .     SeeInvis +   a - -1 club (curse)
rCold    . . .     Gourm    .   (no shield)
rNeg     . . .     Faith    .   c - +0 robe
rPois    .         Spirit   .   (helmet unavailable)
rElec    .         Reflect  .   (no cloak)
rCorr    .         Harm     .   (no gloves)
MR       .....                  (no boots)
Stlth    ++........             (no amulet)
HPRegen  0.06/turn              (no ring)
MPRegen  0.09/turn              (no ring)

@: no status effects
A: permanent stasis, dig shafts and tunnels, four strong arms, antennae 3
a: Dig, Shaft Self


You were on level 1 of the Dungeon.
You were not hungry.

You visited 1 branch of the dungeon, and saw 1 of its levels.

Inventory:

Hand Weapons
 a - a cursed -1 club (weapon)
   (You took it off a goblin on level 1 of the Dungeon)
 f - a +0 whip
   (You took it off a kobold on level 1 of the Dungeon)
Missiles
 b - 44 stones (quivered)
Armour
 c - a +0 robe (worn)
Scrolls
 e - a scroll of identify {unknown}
Comestibles
 d - 3 rations
 g - a chunk of flesh {@w0}


   Skills:
 - Level 1.7 Dodging
 - Level 2.4 Stealth
 + Level 2.5 Spellcasting
   Level 1.1 Transmutations
 + Level 3.9 Earth Magic


You had 5 spell levels left.
You knew the following spells:

 Your Spells              Type           Power        Failure   Level  Hunger
a - Sandblast             Erth           ##....       4%          1    #......


Dungeon Overview and Level Annotations

Branches:
Dungeon (1/15)

Altars:


Innate Abilities, Weirdness & Mutations

You cannot be hasted, slowed, berserked, paralysed or teleported.
You can dig through walls and to a lower floor.
Your four strong arms can wield two-handed weapons with a shield.
You have a pair of large antennae on your head. (SInv)


Message History

You closely miss the frilled lizard. The frilled lizard closely misses you.
You hit the frilled lizard.
You kill the frilled lizard!
You see here a frilled lizard corpse.
You see here a frilled lizard corpse.
You butcher the frilled lizard corpse.
g - a chunk of flesh {@w0} The jackal is too close now for your liking.
Casting: Sandblast (safe; 4% risk of failure)
Confirm with . or Enter, or press ? or * to list all spells.
You can't see any susceptible monsters within range! (Use Z to cast anyway.)
You see here 5 gold pieces.
Casting: Sandblast (safe; 4% risk of failure)
Confirm with . or Enter, or press ? or * to list all spells.
You can't see any susceptible monsters within range! (Use Z to cast anyway.)
A jackal comes into view.
The jackal barks!
A jackal comes into view.
You see here 5 gold pieces.
You see here 4 poisoned needles.
A dart slug comes into view.
Casting: Sandblast (safe; 4% risk of failure)
Confirm with . or Enter, or press ? or * to list all spells.
Aiming: Sandblast (safe; 4% risk of failure)
Press: ? - help, Shift-Dir - straight line, f - jackal
Aim: a jackal The blast of sand hits the jackal.
The jackal is lightly wounded.
b - 47 stones The jackal bites you but does no damage.
Casting: Sandblast (safe; 4% risk of failure)
Confirm with . or Enter, or press ? or * to list all spells.
Aiming: Sandblast (safe; 4% risk of failure)
Press: ? - help, Shift-Dir - straight line, f/p - jackal
Aim: a jackal (lightly wounded)
The blast of sand hits the jackal.
You kill the jackal!
You have reached level 2!
b - 46 stones
Casting: Sandblast (safe; 4% risk of failure)
Confirm with . or Enter, or press ? or * to list all spells.
Aiming: Sandblast (safe; 4% risk of failure)
Press: ? - help, Shift-Dir - straight line, f - jackal
Aim: a jackal The blast of sand misses the jackal.
b - 45 stones The jackal bites you.
The jackal bites you but does no damage.
You hit the jackal but do no damage. The jackal bites you.
The jackal bites you but does no damage.
You closely miss the jackal.
The jackal bites you but does no damage.
The jackal bites you.
You hit the jackal but do no damage.
The jackal bites you but does no damage.
You closely miss the jackal. The jackal bites you. x2
The dart slug barely misses you.
Casting: Sandblast (safe; 4% risk of failure)
Confirm with . or Enter, or press ? or * to list all spells.
You don't have enough magic to cast that spell.
Casting: Sandblast (safe; 4% risk of failure)
Confirm with . or Enter, or press ? or * to list all spells.
You don't have enough magic to cast that spell.
You barely miss the jackal.
The jackal bites you but does no damage.
The jackal misses you.
You hit the jackal but do no damage. The jackal closely misses you.
The dart slug closely misses you. The jackal closely misses you.
You hit the jackal but do no damage. The jackal barely misses you.
The dart slug bites you.
* * * LOW HITPOINT WARNING * * *
The jackal closely misses you.
You hit the dart slug.
The dart slug is heavily wounded.
The jackal closely misses you. The dart slug closely misses you.
The jackal barely misses you.
You hit the dart slug.
The dart slug is heavily wounded.
The jackal closely misses you. The dart slug closely misses you.
Casting: Sandblast (safe; 4% risk of failure)
Confirm with . or Enter, or press ? or * to list all spells.
Aiming: Sandblast (safe; 4% risk of failure)
Press: ? - help, Shift-Dir - straight line, f/p - jackal
Aim: a jackal The blast of sand hits the jackal.
The jackal is severely wounded.
b - 44 stones The jackal completely misses you.
The jackal bites you.
* * * LOW HITPOINT WARNING * * *
The dart slug bites you but does no damage.
You hit the dart slug.
The dart slug is severely wounded.
The jackal closely misses you. The dart slug misses you.
The jackal bites you but does no damage.
You hit the dart slug.
The dart slug is almost dead.
The jackal bites you but does no damage.
The dart slug launches a dart at you. The slug dart hits you!
You die...

....... #.#.......#.......
........# #.#...............
........# #.#...#...#<..#...
........# #.#..###.###.###..
........# #)#...#..>#...#...
........####.#...............
.........h...........#.......
.###....$###h#......###......
.........# #@#.......#.......
####$.h..# #w#...............
#....h# #..........######.
#.h...# #........... .
#.....# #............ .
#.h...# #..#........#. .
#.h...# #.#.#.#.#......
#.....# #... ..


You could see a dart slug and a jackal.

Vanquished Creatures
  2 goblins (D:1)
  A jackal (D:1)
  A kobold (D:1)
  A frilled lizard (D:1)
  A rat (D:1)
6 creatures vanquished.

Notes
Turn   | Place    | Note
-------+----------+-------------------------------------------
     0 | D:1      | Mgcat the Formicid Earth Elementalist began the quest for the Orb.
     0 | D:1      | Reached XP level 1. HP: 13/13 MP: 3/3
    48 | D:1      | HP: 2/13 [kobold/whip (4)]
   285 | D:1      | Reached XP level 2. HP: 15/19 MP: 1/5
   296 | D:1      | HP: 4/19 [jackal (2)]
   298 | D:1      | Killed from afar by a dart slug

Vault maps used:
D:1:      minmay_arrival_five_plusses, st_stairs_8

Action                   || total
-------------------------++-------
Melee: Club              ||    19
 Cast: Sandblast         ||     9
Armor: Robe              ||     9
Dodge: Dodged            ||    23

Table legend:
 A = Spawn XP
 B = Non-spawn XP
 C = Spawn XP percentage of total XP
 D = Spawn monster count
 E = Non-spawn monster count
 F = Spawn count percentage of total count
 G = Total turns spent on level
                    A         B        C        D         E        F      G
               +---------+---------+-------+---------+---------+-------+---------
         Total |       0 |      10 |   0.0 |       0 |       6 |   0.0 |   298
               +---------+---------+-------+---------+---------+-------+---------
           D:1 |       0 |      10 |   0.0 |       0 |       6 |   0.0 |   298
               +---------+---------+-------+---------+---------+-------+---------

Vault maps used:
D:1:      minmay_arrival_five_plusses, st_stairs_8

Table legend:
 A = Turns spent in this place as a percentage of turns spent in the entire game.
 B = Non-inter-level travel turns spent in this place as a percentage of non-inter-level travel turns spent in the entire game.
 C = Inter-level travel turns spent in this place as a percentage of turns spent in this place.
 D = Turns resting spent in this place as a percentage of non-inter-level travel turns spent in this place.
 E = Turns spent auto-exploring this place as a percentage of non-inter-level travel turns spent in this place.
 F = Non-inter-level travel turns spent in this place divided by the number of levels of this place that you've seen.
                   A       B       C       D       E      F
               +-------+-------+-------+-------+-------+----------------------
         Total | 100.0 | 100.0 |   0.0 |   0.0 |  77.2 | 298.0
       Dungeon | 100.0 | 100.0 |   0.0 |   0.0 |  77.2 | 298.0
               +-------+-------+-------+-------+-------+----------------------

Table legend:
 A = Kills in this place as a percentage of kills in entire the game.
 B = Kills by you in this place as a percentage of kills by you in the entire game.
 C = Kills by friends in this place as a percentage of kills by friends in the entire game.
 D = Other kills in this place as a percentage of other kills in the entire game.
 E = Experience gained in this place as a percentage of experience gained in the entire game.
 F = Experience gained in this place divided by the number of levels of this place that you have seen.
                   A       B       C       D       E      F
               +-------+-------+-------+-------+-------+----------------------
         Total | 100.0 | 100.0 |   N/A |   N/A | 100.0 |  10.0
       Dungeon | 100.0 | 100.0 |   N/A |   N/A | 100.0 |  10.0
               +-------+-------+-------+-------+-------+----------------------
